 Dungeon Crawl Stone Soup version 0.27.1-35-g4d5d836560 (webtiles) character file.

Game seed: 13682088594129695385

6646 Delamore the Slicer (level 11, -7/77 HPs)
             Began as an Octopode Brigand on May 20, 2022.
             Was an Initiate of Gozag.
             Shot with an arrow by a centaur (10 damage)
             ... on level 9 of the Dungeon.
             The game lasted 00:18:03 (13273 turns).

Delamore the Slicer (Octopode Brigand)             Turns: 13273, Time: 00:18:03

Health: -7/77      AC:  1    Str: 12    XL:     11   Next: 2%
Magic:  11/11      EV: 19    Int: 20    God:    Gozag
Gold:   734        SH:  5    Dex: 21    Spells: 10/10 levels left

rFire    + . .     SeeInvis .   d - +2 dagger (flame)
rCold    + . .     Faith    .   (no shield)
rNeg     + . .     Spirit   .   (helmet restricted)
rPois    .         Reflect  +   G - amulet of reflection
rElec    .         Harm     .   p - ring of resist corrosion
rCorr    +         Rampage  .   j - +6 ring of intelligence
Will     .....                  D - ring of protection from fire
Stlth    ++++......             O - ring of Grace {Fly rC+ rN+ Str+2 Dex+4}
HPRegen  0.22/turn              (no ring)
MPRegen  0.12/turn              (no ring)
                                (no ring)
                                (no ring)

@: about to teleport, spiked, flying, studying Poison Magic
A: almost no armour, amphibious, 8 rings, camouflage 1, gelatinous body 1,
(nimble swimmer 1), tentacles
a: Renounce Religion, Potion Petition, Call Merchant, Bribe Branch


You were on level 9 of the Dungeon.
You worshipped Gozag.
Gozag was pleased with you.
You visited 2 branches of the dungeon, and saw 10 of its levels.

You collected 937 gold pieces.
You spent 138 gold pieces at shops.
You paid 65 gold pieces to Gozag.

Inventory:

Hand Weapons
 a - a +2 dagger
 d - a +2 dagger of flaming (weapon)
 o - a +4 dagger
 F - a +0 dagger of venom
 M - a +1 short sword of protection
Missiles
 b - 18 poisoned darts
 f - 8 atropa-tipped darts
 m - 154 stones
 C - 4 boomerangs
 K - 3 throwing nets (quivered)
 L - a curare-tipped dart
Armour
 z - a +2 tower shield
Jewellery
 j - a +6 ring of intelligence (right tentacle)
 p - a ring of resist corrosion (left tentacle)
 D - a ring of protection from fire (on tentacle)
 G - an amulet of reflection (around mantle)
 O - the ring of Grace (on tentacle) {Fly rC+ rN+ Str+2 Dex+4}
   (You found it on level 8 of the Dungeon)

   [ring of flight]

   Str:       It affects your strength (+2).
   Dex:       It affects your dexterity (+4).
   rC:        It protects you from cold.
   rN:        It protects you from negative energy.
   Fly:       It grants you flight.
Wands
 y - a wand of digging (7)
 A - a wand of acid (6)
 I - a wand of polymorph (5)
Scrolls
 e - a scroll of silence
 i - 3 scrolls of magic mapping
 k - 2 scrolls of fog
 q - 2 scrolls of noise
 r - 3 scrolls of amnesia
 w - a scroll of teleportation
 E - 2 scrolls of enchant armour
 J - a scroll of blinking
 N - a scroll of enchant weapon {unknown}
Potions
 c - 2 potions of heal wounds
 g - a potion of degeneration
 h - a potion of curing
 l - 4 potions of cancellation
 n - a potion of lignification
 s - a potion of magic
 t - a potion of flight {unknown}
 u - 3 potions of berserk rage
 v - a potion of haste {unknown}
 x - a potion of attraction {unknown}
 B - 2 potions of might {unknown}
 H - a potion of mutation {unknown}


   Skills:
 + Level 8.0 Fighting
 - Level 10.0 Short Blades
 - Level 6.0 Throwing
 + Level 8.0 Dodging
 - Level 5.3 Stealth
 - Level 5.0 Evocations


You had 10 spell levels left.
You didn't know any spells.
Your spell library contained the following spells:

 Spells                   Type           Power      Damage    Failure   Level
 Corona                   Hex            0%         N/A       19%         1
 Ensorcelled Hibernation  Hex/Ice        0%         N/A       28%         2
 Frozen Ramparts          Ice            0%         1d2       50%         3
 Tukima's Dance           Hex            0%         N/A       50%         3
 Ice Form                 Ice/Tmut       0%         N/A       88%         4
 Summon Ice Beast         Ice/Summ       0%         N/A       88%         4


Dungeon Overview and Level Annotations

Branches:
Dungeon (9/15)             Temple (1/1) D:5
   Lair: D:8-11         Orc: D:9-12

Altars:
Ashenzari
Cheibriados
Dithmenos
Elyvilon
Gozag
Hepliaklqana
Qazlal
Ru
Sif Muna
Vehumet
Wu Jian
Xom
Yredelemnul
Zin
The Shining One

Shops:
D:2 [   D:6 *

Annotations:
D:6 exclusion: statue
D:9 2 runed translucent doors


Innate Abilities, Weirdness & Mutations

You cannot wear most types of armour.
You are amphibious.
You can wear up to eight rings at the same time.
Your skin changes colour to match your surroundings (Stealth+).
Your rubbery body absorbs attacks. (AC +1, EV +1)
((You are camouflaged near water. (Stealth+)))
You have tentacles for arms and can constrict up to eight enemies at once.


Message History

You squeeze the white ugly thing.
The white ugly thing is lightly wounded.
You constrict the white ugly thing, but do no damage.
You release your grip on the white ugly thing.
The manticore flicks its tail.
The volley of spikes hits you!
The barbed spikes become lodged in your body.
You hear a shout!
The barbs in your skin will harm you if you move.
Continue?
Okay, then.
As you read the scroll of teleportation, it crumbles to dust.
You feel strangely unstable.
You hear an angry hiss.
A black mamba comes into view.
The white ugly thing completely misses you.
The manticore flicks its tail.
The volley of spikes hits you!
The barbed spikes become lodged in your body.
You barely miss the white ugly thing. You grab the white ugly thing.
The white ugly thing is lightly wounded.
You constrict the white ugly thing, but do no damage.
You block the white ugly thing's attack.
The manticore flicks its tail.
The volley of spikes hits you!
The barbed spikes become lodged in your body.
You hit the white ugly thing but do no damage.
The white ugly thing is lightly wounded.
You constrict the white ugly thing, but do no damage.
You feel much better.
You constrict the white ugly thing.
A centaur comes into view.
The black mamba bites you! The white ugly thing punches you.
The white ugly thing freezes you! You resist.
The manticore flicks its tail.
The volley of spikes hits you!!
The barbed spikes become lodged in your body.
* * * LOW HITPOINT WARNING * * *
The centaur wields a +0 shortbow.
The centaur shoots an arrow.
The arrow hits you!
You die...
Your body crumbles into a pile of gold.

#........# #$..$#
#........#####.####
#........##.##.##$#
###........'$(((.(..#
...........##.##.##$#
...........#####.####
#.#####....# #...#
#....# ##.##
#...$##.##@##.##.# #.#
#$...##c..uS......
#.#####....##H##.##.##.#
#......<...## #.# #
#...####...# ..? $ $
#...# #...## ### $ #...#
#....## $ #...#
#.....#### #...#
#..###...# $


You could see a white ugly thing, a manticore, a black mamba and a centaur.

Vanquished Creatures
  Harold (D:7)
  Pikel (D:7)
  An ugly thing (D:7)
  A gargoyle (D:7)
  A kobold demonologist (D:8)
  A troll (D:9)
  Prince Ribbit (D:7)
  A shadow (D:7)
  A steam dragon (D:5)
  Edmund (D:6)
  A water moccasin (D:6)
  Duvessa (D:7)
  2 ice beasts
  A sky beast (D:6)
  2 orc warriors
  2 black bears (D:4)
  2 ogres
  3 necrophages
  6 centaurs
  A lemure (D:7)
  5 bullfrogs
  2 wyvern zombies
  3 scorpions
  Dowan (D:7)
  7 killer bees
  A water moccasin skeleton (D:7)
  A howler monkey (D:5)
  5 electric eels (D:8)
  2 hounds
  2 bullfrog zombies (D:6)
  A gnoll shaman (D:7)
  3 orc priests
  2 jellies
  Crazy Yiuf (D:5)
  6 iguanas
  2 orc wizards
  11 adders
  5 gnolls (D:7)
  A shadow imp (D:6)
  A white imp (D:7)
  An ufetubus (D:5)
  A worm (D:2)
  2 dart slugs
  20 orcs
  5 endoplasms
  2 giant cockroaches
  9 goblins
  7 hobgoblins
  7 jackals (D:3)
  A quokka (D:4)
  7 ball pythons
  6 bats
  2 frilled lizards
  7 kobolds
  6 rats
176 creatures vanquished.

Vanquished Creatures (others)
  3 plants (D:8)
3 creatures vanquished.

Grand Total: 179 creatures vanquished

Notes
Turn   | Place    | Note
-------+----------+-------------------------------------------
     0 | D:1      | Delamore the Octopode Brigand began the quest for the Orb.
     0 | D:1      | Reached XP level 1. HP: 14/14 MP: 1/1
   191 | D:1      | Reached XP level 2. HP: 19/19 MP: 2/2
   447 | D:1      | Found a faded altar of an unknown god.
   758 | D:2      | Reached skill level 3 in Short Blades
   758 | D:2      | Reached XP level 3. HP: 19/24 MP: 3/3
  1697 | D:2      | Found Qaig Bayk's Antique Armour Emporium.
  1998 | D:2      | Reached XP level 4. HP: 29/29 MP: 4/4
  2555 | D:3      | Reached skill level 4 in Short Blades
  2786 | D:3      | Noticed a bullfrog
  2793 | D:3      | Killed a bullfrog
  2794 | D:3      | Reached XP level 5. HP: 34/34 MP: 5/5
  2892 | D:3      | Found a basalt altar of Yredelemnul.
  2894 | D:3      | Found a snail-covered altar of Cheibriados.
  3216 | D:3      | Found a glowing silver altar of Zin.
  3433 | D:4      | Noticed a necrophage
  3441 | D:4      | Killed a necrophage
  3442 | D:4      | Reached skill level 5 in Short Blades
  3442 | D:4      | Reached XP level 6. HP: 39/39 MP: 6/6
  3606 | D:4      | Noticed a black bear
  3618 | D:4      | Killed a black bear
  3710 | D:4      | Reached skill level 6 in Short Blades
  3710 | D:4      | Reached XP level 7. HP: 31/45 MP: 7/7
  4516 | D:4      | Reached skill level 5 in Throwing
  4836 | D:4      | Found a glowing golden altar of the Shining One.
  4927 | D:5      | Entered Level 5 of the Dungeon
  4941 | D:5      | Reached skill level 7 in Short Blades
  5000 | D:5      | Reached XP level 8. HP: 30/50 MP: 8/8
  5206 | D:5      | Reached skill level 8 in Short Blades
  5749 | D:5      | Found a staircase to the Ecumenical Temple.
  5770 | Temple   | Entered the Ecumenical Temple
  5915 | Temple   | Became a worshipper of Gozag Ym Sagoz the Greedy
  5999 | D:5      | Found a runed translucent door.
  6000 | D:5      | Noticed Crazy Yiuf
  6261 | D:5      | Found a stormy altar of Qazlal.
  6799 | D:5      | Killed Crazy Yiuf
  7070 | D:6      | Found Ytigym's Assorted Antiques.
  7083 | D:6      | Bought a runed gilded ring for 115 gold pieces
  7083 | D:6      | Bought a scroll labelled ECOBLETAKU for 23 gold pieces
  7125 | D:6      | Noticed Edmund
  7163 | D:6      | Killed Edmund
  7164 | D:6      | Reached skill level 9 in Short Blades
  7474 | D:6      | Found a radiant altar of Vehumet.
  7485 | D:6      | Identified the +2 leather armour "Xorit" {rF- Regen+ rCorr
                  | Str+9}
  7895 | D:6      | Reached XP level 9. HP: 48/54 MP: 9/9
  7919 | D:6      | Reached skill level 10 in Short Blades
  9338 | D:7      | Reached skill level 1 in Evocations
  9702 | D:7      | Noticed Pikel
  9998 | D:7      | Noticed a gargoyle
 10000 | D:7      | Killed a gargoyle
 10010 | D:7      | Reached skill level 5 in Fighting
 10011 | D:7      | Reached skill level 5 in Dodging
 10011 | D:7      | Reached XP level 10. HP: 66/66 MP: 10/10
 10011 | D:7      | Noticed a white ugly thing
 10012 | D:7      | Killed a white ugly thing
 10013 | D:7      | Reached skill level 5 in Evocations
 10028 | D:7      | Noticed Dowan
 10066 | D:7      | Killed Dowan
 10107 | D:7      | Noticed Duvessa
 10115 | D:7      | Killed Duvessa
 10287 | D:7      | Noticed Prince Ribbit
 10774 | D:7      | Killed Pikel
 10778 | D:7      | Killed Prince Ribbit
 11886 | D:8      | Identified the ring of Grace {Fly rC+ rN+ Str+2 Dex+4}
 12109 | D:8      | Noticed a kobold demonologist
 12116 | D:8      | Killed a kobold demonologist
 12253 | D:8      | Noticed Harold
 12272 | D:7      | Killed Harold
 12889 | D:9      | Found a large runed translucent door.
 12890 | D:9      | Found a large runed translucent door.
 13026 | D:9      | Reached XP level 11. HP: 30/77 MP: 11/11
 13261 | D:9      | Noticed a white ugly thing
 13264 | D:9      | Noticed a manticore
 13273 | D:9      | HP: 3/77 [manticore/volley of spikes (21)]
 13273 | D:9      | Shot with an arrow by a centaur

Illustrated notes

Levels and vault maps discovered:
D:1:      matt_arrival_debris, layout_loops_ring,
          dreamdust_ecumenical_altar_angels_and_demons
D:2:      layout_basic, serial_shops, shop_fountains
D:3:      layout_rooms, nicolae_overflow_hidden_temple
D:4:      layout_gridville, tso_oasis_becter, hangedman_decor_growths,
          amcnicky_mini_pool_small, minmay_three_crescents
D:5:      layout_loops_corners, nicolae_qazlal_eye_of_the_storm,
          minmay_temple_entry_ruins, uniq_crazy_yiuf_cottage
D:6:      cheibrodos_helix_gallery, layout_basic, vehumet_statue, serial_shops,
          shop, uniq_edmund
D:7:      layout_loops_corners, serial_glass, glass_columns_c, glass_columns_b,
          glass_columns_b, glass_columns_a, minmay_manual_maat,
          uniq_prince_ribbit1, uniq_duvessa, uniq_pikel
D:8:      layout_basic, serial_bayou_lagoon_b, uniq_harold
D:9:      hangedman_cross_veins, layout_small_grid, jmf_multi_god_temple2,
          orc_0_dummy, serial_shops, nicolae_shop_behind_doors
Temple:   dpeg_chambers_temple

Skill      XL: |  1  2  3  4  5  6  7  8  9 10 |
---------------+-------------------------------+-----
Short Blades   | 3 4 5 6 7 9 10 | 10.0
Throwing       | 3 4 5 6 |  6.0
Dodging        | 5 8 |  8.0
Fighting       | 5 8 |  8.0
Evocations     | 4 5 |  5.0
Stealth        | |  5.3

Action                   |  1- 3 |  4- 6 |  7- 9 | 10-12 || total
-------------------------+-------+-------+-------+-------++-------
Melee: Dagger            |    54 |    59 |   253 |   161 ||   527
       Constrict         |    14 |    15 |    41 |    28 ||    98
       Tentacles         |     6 |    15 |    61 |    42 ||   124
Throw: Stone             |    20 |    82 |   103 |    17 ||   222
       Dart              |       |    12 |    26 |    32 ||    70
       Boomerang         |       |       |     6 |       ||     6
       Throwing net      |       |       |       |     1 ||     1
Evoke: Wand              |       |       |       |     3 ||     3
  Use: Scroll            |     1 |     3 |     7 |     2 ||    13
       Potion            |       |       |     3 |     1 ||     4
 Stab: Sleeping          |     8 |     2 |     9 |     5 ||    24
       Distracted        |       |       |     1 |       ||     1
       Invisible         |       |       |       |     4 ||     4
       Held in net/web   |       |       |       |     1 ||     1
Armor: Skin              |     2 |     4 |    12 |     4 ||    22
Dodge: Dodged            |    26 |    27 |    76 |    48 ||   177
Block: Other             |       |       |    15 |    13 ||    28
